 Dungeon Crawl Stone Soup version 0.26-a0-648-g87339cca5e (webtiles) character file.

Game seed: 10874521715259699170

42270 DogServant the Martial Artist (level 13, 13/113 HPs)
             Began as a Purple Draconian Transmuter on Sept 25, 2020.
             Was a High Priest of Okawaru.
             Quit the game on level 2 of the Orcish Mines.
             The game lasted 01:05:25 (27247 turns).

DogServant the Martial Artist (DrTm)               Turns: 27247, Time: 01:05:25

Health: 13/113     AC: 12    Str: 21    XL:     13   Next: 84%
Magic:  17/22      EV: 38    Int: 14    God:    Okawaru [*****.]
Gold:   1446       SH:  7    Dex: 27    Spells: 3/24 levels left

rFire    + . .     SeeInvis .     - Unarmed
rCold    . . .     Faith    .   L - +0 buckler {rF+}
rNeg     . . .     Spirit   .   (armour unavailable)
rPois    .         Reflect  .   J - +1 hat {MR+}
rElec    .         Harm     .   n - scarf {repulsion}
rCorr    +         Rampage  .   S - +1 pair of gloves {Dex+3}
MR       ++...                  N - +0 pair of boots {Fly}
Stlth    ++........             o - amulet of the acrobat
HPRegen  0.28/turn              i - ring "Guisej" {*Slow rCorr Str+7 Dex+3}
MPRegen  0.18/turn              k - +6 ring of dexterity

@: acrobat, flying, repel missiles
A: breathe power, unfitting armour, cold-blooded, AC +8
a: Breathe Dispelling Energy, Heroism, Finesse, Renounce Religion, Stop Flying


You were on level 2 of the Orcish Mines.
You worshipped Okawaru.
Okawaru was extremely pleased with you.
You visited 3 branches of the dungeon, and saw 21 of its levels.
You also visited: Ossuary.

You collected 2008 gold pieces.
You spent 562 gold pieces at shops.

Inventory:

Missiles
 D - 4 throwing nets (quivered)
Armour
 j - a scarf of resistance
 n - a scarf of repulsion (worn)
 J - a +1 hat of magic resistance (worn)
 L - a +0 buckler of fire resistance (worn)
 N - a +0 pair of boots of flying (worn)
 S - a +1 pair of gloves of dexterity (worn)
Jewellery
 f - an uncursed ring of poison resistance
 i - the ring "Guisej" (left hand) {*Slow rCorr Str+7 Dex+3}
   (You acquired it on level 1 of the Lair of Beasts)

   [ring of resist corrosion]

   It affects your strength (+7).
   It affects your dexterity (+3).
   It provides partial protection from all sources of acid and corrosion.
   It may slow you when you take damage.
 k - a +6 ring of dexterity (right hand)
 o - an amulet of the acrobat (around neck)
 u - an uncursed ring of protection from magic
 P - an uncursed ring of resist corrosion
Wands
 p - a wand of acid (15)
 y - a wand of disintegration (11)
 z - a wand of flame (56)
 A - a wand of paralysis (38)
 H - a wand of polymorph (8)
 K - a wand of random effects (33)
Scrolls
 c - a scroll of summoning
 d - 13 scrolls of remove curse
 e - 2 scrolls of fog {unknown}
 h - a scroll of identify
 v - 5 scrolls of amnesia
 B - 3 scrolls of enchant weapon
 C - 3 scrolls of enchant armour
 E - 4 scrolls of blinking {unknown}
 F - a scroll of vulnerability {unknown}
 G - 6 scrolls of teleportation
 M - 3 scrolls of fear
 O - a scroll of brand weapon {unknown}
 R - 4 scrolls of magic mapping
Potions
 a - 2 potions of ambrosia
 b - 7 potions of curing
 g - 7 potions of brilliance
 l - 2 potions of cancellation
 m - 4 potions of stabbing
 q - a potion of magic {unknown}
 r - 2 potions of haste {unknown}
 s - 2 potions of might
 t - 3 potions of heal wounds {unknown}
 w - 7 potions of flight {unknown}
 x - a potion of resistance {unknown}
 I - 3 potions of lignification


   Skills:
 + Level 10.0 Fighting
 + Level 10.4 Dodging
 - Level 5.1 Shields
 + Level 12.2 Unarmed Combat
 - Level 6.1 Spellcasting
 + Level 11.4 Transmutations
 - Level 5.2 Ice Magic
 - Level 4.2 Poison Magic
 - Level 4.5 Invocations


You had 3 spell levels left.
You knew the following spells:

 Your Spells              Type           Power        Failure   Level
a - Beastly Appendage     Tmut           #####.       1%          1
b - Wereblood             Tmut           #####...     1%          2
c - Spider Form           Tmut/Pois      ####......   1%          3
d - Ice Form              Ice/Tmut       ####....     4%          4
e - Blade Hands           Tmut           #####.....   4%          5
f - Hydra Form            Tmut           #####.....   22%         6

Your spell library contained the following spells:

 Spells                   Type           Power        Failure   Level
 Passwall                 Tmut/Erth      ###.....     2%          2
 Ensorcelled Hibernation  Hex/Ice        ##....       9%          2
 Animate Skeleton         Necr           #.....       16%         1
 Apportation              Tloc           #.....       16%         1
 Corona                   Hex            #......      16%         1
 Foxfire                  Conj/Fire      #...         16%         1
 Magic Dart               Conj           #...         16%         1
 Pain                     Necr           #...         16%         1
 Sandblast                Erth           #.....       16%         1
 Summon Small Mammal      Summ           #...         16%         1
 Blink                    Tloc           N/A          24%         2
 Call Imp                 Summ           #.......     24%         2
 Searing Ray              Conj           #.....       24%         2
 Slow                     Hex            #.......     24%         2
 Swiftness                Air            #.......     24%         2
 Mephitic Cloud           Conj/Pois/Air  #.......     26%         3
 Call Canine Familiar     Summ           #.......     43%         3
 Confusing Touch          Hex            #.......     43%         3
 Conjure Flame            Conj/Fire      #.......     43%         3
 Dazzling Flash           Conj/Hex       #.....       43%         3
 Gell's Gravitas          Tloc           #.........   43%         3
 Inner Flame              Hex/Fire       #.......     43%         3
 Portal Projectile        Hex/Tloc       #.....       43%         3
 Stone Arrow              Conj/Erth      #.....       43%         3
 Summon Guardian Golem    Hex/Summ       #.......     43%         3
 Tukima's Dance           Hex            #.......     43%         3
 Vampiric Draining        Necr           #.........   43%         3
 Petrify                  Tmut/Erth      ###.....     16%         4
 Yara's Violent Unravell  Hex/Tmut       ###.......   38%         5
 Summon Ice Beast         Ice/Summ       ##......     47%         4
 Animate Dead             Necr           #.........   83%         4
 Cause Fear               Hex            #.........   83%         4
 Fulminant Prism          Conj/Hex       #.........   83%         4
 Iskenderun's Mystic Bla  Conj/Tloc      #.......     83%         4
 Leda's Liquefaction      Hex/Erth       #.........   83%         4
 Sticky Flame             Conj/Fire      #.......     83%         4
 Summon Lightning Spire   Summ/Air       #.......     83%         4
 Metabolic Englaciation   Hex/Ice        ##........   83%         5
 Agony                    Necr           #.......     99%         5
 Fireball                 Conj/Fire      #.........   99%         5
 Lee's Rapid Deconstruct  Erth           #.........   99%         5
 Silence                  Hex/Air        #.........   99%         5
 Simulacrum               Ice/Necr       ##........   100%        6


Dungeon Overview and Level Annotations

Branches:
Dungeon (13/15)            Temple (0/1) D:6            Lair (6/6) D:8
 Shoals (0/4) Lair:4       Spider (0/4) Lair:4        Slime (0/5) Lair:5
    Orc (2/2) D:11        Ossuary (visited)
    Elf: Orc:2       Vaults: D:13-14

Altars:
Dithmenos
Gozag
Kikubaaqudgha
Makhleb
Okawaru
Qazlal
Uskayaw
Vehumet
Wu Jian
Xom
Yredelemnul
Zin
The Shining One
Beogh
Jiyva

Shops:
D:7 :?(}*

Annotations:
Lair:1 1 runed translucent door
Lair:5 1 runed translucent door


Innate Abilities, Weirdness & Mutations

You can breathe bolts of dispelling energy.
Your rich purple scales are hard. (AC +8)
You cannot fit into any form of body armour.
You are cold-blooded and may be slowed by cold attacks.


Message History

a +0 dagger; a +0 robe; an orc corpse Your hands revert to their normal proportions.
Your +1 pair of gloves of dexterity unmelds from your body.
Your +0 buckler of fire resistance unmelds from your body.
You feel agile.
You feel resistant to fire.
An orc sorcerer comes into view. It is wielding a +0 dagger.
You feel like a meek peon again.
The orc sorcerer shouts!
Found a whip.
Found a burning altar of Makhleb.
The orc sorcerer casts a spell.
The orc priest curses repeatedly.
An orc priest comes into view. It is wielding a -1 whip.
The orc priest miscasts a cantrip.
Found 34 gold pieces.
The orc priest mumbles some strange prayers to Beogh against you.
Beogh smites you!
* * * LOW HITPOINT WARNING * * *
Okay, then.
Are you sure you want to abandon this character and quit the game? (Confirm with "yes".)

.........
.....$...
.....#o..
#........
#..._....
#........
#...o.....
#@4.......
#.........
#..........
#..........
#...........
#..........##
#o..........##
#o.....#.....#.
#.................


You could see a rust devil (summoned), an orc sorcerer and 3 orc priests.

Vanquished Creatures
  An ettin (Orc:2)
  Harold (D:7)
  A hydra (Lair:5)
  A catoblepas (Lair:4)
  10 death yaks
  A two-headed ogre (D:12)
  2 orc high priests (Orc:2)
  Pikel (D:7)
  A wolf spider zombie (D:12)
  2 ugly things (D:11)
  4 cyclopes
  An orc sorcerer (Orc:1)
  2 deep elf magi (D:12)
  Joseph (D:7)
  A black mamba (Lair:1)
  Maggie (D:7)
  Psyche (D:11)
  A cane toad (shapeshifter) (D:9)
  6 cane toads
  4 komodo dragons
  5 trolls
  A red devil (D:8)
  2 polar bears
  A hornet (D:8)
  3 blink frogs (Lair:1)
  5 slime creatures (D:12)
  7 hippogriffs
  2 wraiths
  Eustachio (D:4)
  42 yaks
  3 wargs (Orc:1)
  9 water moccasins
  11 porcupines
  4 ice beasts
  2 black bears (D:12)
  12 orc warriors
  2 necrophages
  2 sky beasts
  8 ogres
  A phantom (D:4)
  4 wolves
  5 centaurs
  7 crocodiles
  A lemure (D:7)
  5 big kobolds
  A wyvern zombie (D:11)
  17 bullfrogs
  3 water moccasin zombies (Ossuary)
  A gnoll sergeant (D:8)
  A water moccasin skeleton (D:9)
  2 wyvern skeletons
  6 scorpions
  5 wights (D:11)
  10 howler monkeys
  An electric eel (Lair:4)
  A centaur zombie (D:9)
  2 quasits
  6 jellies
  5 hounds
  15 orc priests
  A bullfrog skeleton (D:10)
  2 centaur skeletons
  2 iguanas
  25 orc wizards
  3 worker ants
  5 big kobold zombies (Ossuary)
  A hound zombie (D:8)
  3 hound skeletons
  2 mummies (Ossuary)
  A howler monkey skeleton (D:5)
  11 adders
  15 gnolls
  5 shadow imps
  3 white imps
  2 oozes
  6 adder zombies (Ossuary)
  4 adder skeletons
  3 worms
  3 leopard geckos
  52 orcs
  2 giant cockroaches
  2 gnoll zombies (Ossuary)
  9 goblins
  6 hobgoblins
  11 jackals
  15 kobolds
  3 quokkas
  A ball python (D:3)
  3 bats
  9 frilled lizards
  4 goblin skeletons (D:6)
  7 hobgoblin zombies
  A kobold skeleton (D:6)
  12 kobold zombies
  A leopard gecko skeleton (D:7)
  An orc skeleton (D:6)
  3 orc zombies (Ossuary)
  2 quokka skeletons (D:4)
  10 rats
  A butterfly (Lair:5)
516 creatures vanquished.

Vanquished Creatures (collateral kills)
  A bullfrog (Lair:3)
1 creature vanquished.

Vanquished Creatures (others)
  An orc (Orc:2)
  31 fungi
  35 plants
  8 toadstools (Lair:1)
75 creatures vanquished.

Grand Total: 592 creatures vanquished

Notes
Turn   | Place    | Note
-------+----------+-------------------------------------------
     0 | D:1      | DogServant the Draconian Transmuter began the quest for the
                  | Orb.
     0 | D:1      | Reached XP level 1. HP: 16/16 MP: 3/3
   338 | D:1      | Reached XP level 2. HP: 19/23 MP: 5/5
  1249 | D:2      | Reached XP level 3. HP: 22/28 MP: 4/6
  1760 | D:3      | Reached skill level 4 in Unarmed Combat
  1935 | D:3      | Reached XP level 4. HP: 28/35 MP: 5/7
  2875 | D:4      | Noticed Eustachio
  2913 | D:4      | Reached XP level 5. HP: 40/40 MP: 6/8
  2929 | D:4      | Reached skill level 5 in Unarmed Combat
  3001 | D:4      | Learned a level 2 spell: Wereblood
  3005 | D:4      | Learned a level 3 spell: Spider Form
  3027 | D:4      | Found a stormy altar of Qazlal.
  3055 | D:4      | Found a sand-covered staircase.
  3149 | Ossuary  | Entered an ossuary
  3578 | Ossuary  | Reached XP level 6. HP: 35/47 MP: 9/9
  3882 | Ossuary  | Your scales start taking on a rich purple colour.
  3882 | Ossuary  | Reached XP level 7. HP: 39/52 MP: 10/10
  4052 | D:4      | Killed Eustachio
  4052 | D:4      | Reached skill level 5 in Dodging
  4052 | D:4      | Reached skill level 6 in Unarmed Combat
  4281 | D:4      | Found a radiant altar of Vehumet.
  4324 | D:4      | Reached skill level 1 in Poison Magic
  4596 | D:5      | Entered Level 5 of the Dungeon
  4653 | D:5      | Found an iron altar of Okawaru.
  4676 | D:5      | Became a worshipper of Warmaster Okawaru
  4728 | D:5      | Reached XP level 8. HP: 62/62 MP: 9/11
  5754 | D:5      | Reached * piety under Okawaru
  5754 | D:5      | Reached skill level 5 in Transmutations
  5760 | D:5      | Learned a level 4 spell: Ice Form
  5909 | D:5      | Reached skill level 7 in Unarmed Combat
  6014 | D:6      | Found a glowing golden altar of the Shining One.
  6214 | D:6      | Found an ornate altar of the Wu Jian Council.
  6235 | D:6      | Found a shadowy altar of Dithmenos.
  6550 | D:6      | Reached XP level 9. HP: 63/72 MP: 12/12
  6774 | D:6      | Found a basalt altar of Yredelemnul.
  6798 | D:6      | Found a staircase to the Ecumenical Temple.
  6829 | D:6      | Identified the Handbook of the Oath and Feathers
  6919 | D:7      | Noticed Pikel
  6930 | D:7      | Killed Pikel
  6930 | D:7      | Reached ** piety under Okawaru
  6930 | D:7      | Reached skill level 5 in Fighting
  7278 | D:7      | Found Rilas's Weapon Emporium.
  7357 | D:7      | Noticed Maggie
  7363 | D:7      | Reached skill level 8 in Unarmed Combat
  7380 | D:7      | Killed Maggie
  7380 | D:7      | Reached *** piety under Okawaru
  7493 | D:7      | Noticed Harold
  7523 | D:7      | Killed Harold
  7523 | D:7      | Reached **** piety under Okawaru
  7523 | D:7      | Reached XP level 10. HP: 57/84 MP: 16/16
  7752 | D:7      | Found Puaziocs's Gadget Boutique.
  7755 | D:7      | Bought a wand of acid (8) for 312 gold pieces
  7755 | D:7      | Bought a wand of acid (4) for 208 gold pieces
  7789 | D:7      | Found Douz's Magic Scroll Emporium.
  7792 | D:7      | Bought a scroll of fear for 42 gold pieces
  7811 | D:7      | Noticed Joseph
  7828 | D:7      | HP: 1/84 [spectral weapon/+2 spectral quarterstaff[Joseph]
                  | (8)]
  8379 | D:7      | Found Poafrase's Book Shop.
  8396 | D:7      | Found a hide-covered altar of Uskayaw.
  8505 | D:7      | Killed Joseph
  8607 | D:7      | Found Nank's Assorted Antiques.
  8854 | D:8      | Noticed a rust devil
  8855 | D:8      | Found a burning altar of Makhleb.
  8855 | D:8      | Noticed an orange demon
  8856 | D:8      | Noticed an orange demon
  9296 | D:8      | Reached skill level 5 in Spellcasting
  9819 | D:8      | Found an ancient bone altar of Kikubaaqudgha.
  9819 | D:8      | Found a shimmering altar of Xom.
  9893 | D:8      | Reached skill level 1 in Invocations
 10453 | D:8      | Found a staircase to the Lair.
 10864 | D:9      | Noticed a cane toad
 10880 | D:9      | Killed a cane toad
 10880 | D:9      | Reached skill level 9 in Unarmed Combat
 11329 | D:9      | Learned a level 5 spell: Blade Hands
 11365 | D:9      | Reached ***** piety under Okawaru
 11407 | D:9      | Found a glowing silver altar of Zin.
 11411 | D:9      | Found an opulent altar of Gozag.
 11520 | D:9      | Got a pair of dazzling boots
 11526 | D:9      | Identified the +2 pair of boots of Uskayaw's Castigation
                  | {rC+ rCorr} (You found it on level 9 of the Dungeon)
 11580 | D:9      | You fall into a shaft and drop 2 floors!
 11589 | D:11     | Noticed a cyclops
 11600 | D:11     | Killed a cyclops
 11600 | D:11     | Reached XP level 11. HP: 92/92 MP: 15/20
 11871 | D:11     | Found a staircase to the Orcish Mines.
 12164 | D:11     | Noticed a purple ugly thing
 12172 | D:11     | Killed a purple ugly thing
 12342 | D:11     | Noticed Psyche
 12405 | D:11     | Received a gift from Okawaru
 12655 | D:11     | Reached skill level 1 in Shields
 12655 | D:11     | Reached skill level 1 in Ice Magic
 13366 | D:11     | Killed Psyche
 13506 | D:11     | Noticed a purple ugly thing
 13510 | D:11     | Killed a purple ugly thing
 13617 | D:10     | Entered Level 10 of the Dungeon
 13653 | D:10     | Identified a scroll of acquirement
 13653 | D:10     | Acquired the Papyrus of Changing and Darkness
 13872 | D:10     | Reached skill level 10 in Unarmed Combat
 14503 | D:12     | Noticed a deep elf mage
 14514 | D:12     | Killed a deep elf mage
 14889 | D:12     | Noticed a two-headed ogre
 14897 | D:12     | Killed a two-headed ogre
 14897 | D:12     | Reached XP level 12. HP: 65/101 MP: 15/21
 15556 | D:12     | Found an ancient bone altar of Kikubaaqudgha.
 15975 | D:13     | Noticed a tengu warrior
 16066 | Lair:1   | Entered Level 1 of the Lair of Beasts
 16506 | Lair:1   | Received a gift from Okawaru
 16538 | Lair:1   | Found a gate leading to a gauntlet.
 17630 | Lair:1   | Acquired the ring "Guisej" {*Slow rCorr Str+7 Dex+3}
 17962 | Lair:1   | Noticed a dire elephant
 17986 | Lair:1   | Found a runed translucent door.
 18424 | Lair:2   | Received a gift from Okawaru
 19008 | Lair:2   | Reached skill level 5 in Ice Magic
 19736 | Lair:3   | Reached skill level 5 in Shields
 21071 | Lair:3   | Learned a level 6 spell: Hydra Form
 21559 | Lair:4   | Reached skill level 11 in Unarmed Combat
 21562 | Lair:4   | Reached skill level 10 in Transmutations
 21656 | Lair:4   | Noticed a death yak
 21664 | Lair:4   | Killed a death yak
 21666 | Lair:4   | Noticed a death yak
 21675 | Lair:4   | Noticed a catoblepas
 21676 | Lair:4   | Killed a death yak
 21676 | Lair:4   | Reached XP level 13. HP: 82/111 MP: 18/22
 21688 | Lair:4   | Received a gift from Okawaru
 22029 | Lair:4   | Found a hole to the Spider Nest.
 22110 | Lair:4   | Found a staircase to the Shoals.
 24075 | Lair:5   | Reached skill level 10 in Dodging
 24326 | Lair:5   | Received a gift from Okawaru
 24726 | Lair:5   | Found a runed translucent door.
 24832 | Lair:5   | Found a viscous altar of Jiyva.
 24832 | Lair:5   | Found a staircase to the Slime Pits.
 24966 | Lair:6   | Entered Level 6 of the Lair of Beasts
 25199 | Lair:5   | Reached skill level 12 in Unarmed Combat
 25834 | Orc:1    | Entered Level 1 of the Orcish Mines
 26203 | Orc:1    | Found a roughly hewn altar of Beogh.
 26487 | Orc:1    | Found a roughly hewn altar of Beogh.
 26820 | Orc:2    | Entered Level 2 of the Orcish Mines
 26825 | Orc:2    | Noticed an ettin
 26835 | Orc:2    | Killed an ettin
 27202 | Orc:2    | Reached skill level 10 in Fighting
 27242 | Orc:2    | Found a burning altar of Makhleb.
 27247 | Orc:2    | Quit the game

Illustrated notes

Levels and vault maps discovered:
D:1:      ncdulo_halloftheorcs, layout_basic, minmay_box_of_dots
D:2:      layout_rooms
D:3:      layout_loops_ring
D:4:      layout_rooms, nicolae_overflow_crystal_walls, grunt_qazlal_sundering,
          enter_ossuary_5, st_stairs_11, serial_bayou_ford_a, uniq_eustachio
D:5:      layout_loops_cross, kennysheep_okawaru_gauntlet, grunt_ministairs_2
D:6:      layout_loops_ring, nicolae_tso_besieged_by_evil, lemuel_crystal_altar,
          nicolae_dithmenos_the_darkroom, minmay_temple_entry_offerings,
          basic_altar
D:7:      layout_gridville, kennysheep_mini_moat, serial_shops, kennysheep_mini,
          nicolae_shop_behind_doors, nicolae_shop_crystal,
          nicolae_shop_behind_doors, shop, minmay_starry_boxes, uniq_maggie,
          uniq_pikel, uniq_harold, uniq_joseph
D:8:      layout_loops_ring, gammafunk_temple_overflow_elements,
          lair_entry_dummy, lemuel_hellish_altar
D:9:      layout_roguey, grunt_temple_overflow_gold_and_silver,
          cheibriados_altar_1
D:10:     layout_loops_ring
D:11:     layout_long_grid, orc_0_dummy, grunt_potential, uniq_psyche
D:12:     layout_long_grid, lemuel_statue_altar
D:13:     cheibrodos_elevator_heist, layout_small_grid, hangedman_tree_tricks,
          fedhas_altar_4
Lair:1:   gammafunk_lair_enchanted_lake, layout_long_grid,
          gauntlet_entry_generic
Lair:2:   layout_gridlike
Lair:3:   layout_misc_corridors, fungi_pond_lemuel
Lair:4:   beast_lair_carwin_large_1, layout_regular_city,
          elwin_shoals_entry_rocks, spider_nest_entry_web_field,
          serial_bayou_pond_c
Lair:5:   layout_misc_corridors, dpeg_slime_entry_enclosed_altar,
          pf_torpor_hydra, lemuel_fruit_fields
Lair:6:   evilmike_catoblepas_cave, layout_long_grid, infiniplex_staircase_pool,
          minmay_lair_oklob_chamber, serial_bayou_shore_b
Orc:1:    minmay_goldmine, layout_caves, basic_altar, mines2_david
Orc:2:    st_orc_mages, layout_caves, bloody_makhleb

Skill      XL: |  1  2  3  4  5  6  7  8  9 10 11 12 13 |
---------------+----------------------------------------+-----
Dodging        | 2 3 4 5 6 7 8 9 10 | 10.4
Unarmed Combat | 4 5 6 7 8 9 10 11 12 | 12.2
Transmutations | 3 4 5 6 7 9 10 11 | 11.4
Poison Magic   | 2 4 |  4.2
Fighting       | 2 4 6 7 8 9 10 | 10.0
Spellcasting   | 4 6 |  6.1
Invocations    | 3 4 |  4.5
Shields        | 3 5 |  5.1
Ice Magic      | 3 5 |  5.2

Action                   |  1- 3 |  4- 6 |  7- 9 | 10-12 | 13-15 || total
-------------------------+-------+-------+-------+-------+-------++-------
Melee: Unarmed           |   120 |   222 |   333 |   767 |   281 ||  1723
       Punch             |     3 |     2 |    11 |    32 |    10 ||    58
       Tailslap          |     8 |    35 |    45 |   115 |    53 ||   256
       Kick              |     5 |    44 |    87 |    79 |    59 ||   274
       Headbutt          |     3 |    33 |    47 |    58 |    38 ||   179
 Cast: Beastly Appendage |    26 |    17 |    33 |    38 |    12 ||   126
       Wereblood         |       |     1 |     5 |    10 |     2 ||    18
       Spider Form       |       |       |     6 |     4 |     1 ||    11
       Blade Hands       |       |       |       |    44 |    17 ||    61
       Ice Form          |       |       |       |     1 |       ||     1
       Hydra Form        |       |       |       |       |     1 ||     1
Invok: Heroism           |       |       |       |     3 |     6 ||     9
 Abil: Breathe Dispellin |       |       |     3 |     3 |       ||     6
       End Transformatio |       |       |       |     1 |       ||     1
Evoke: Wand              |       |       |       |    10 |     1 ||    11
  Use: Scroll            |       |     7 |     5 |    14 |     1 ||    27
       Potion            |       |     1 |       |     1 |       ||     2
 Stab: Sleeping          |     2 |     1 |     3 |     5 |     1 ||    12
       Petrified         |       |       |       |       |     3 ||     3
       Petrifying        |       |       |       |       |     2 ||     2
Armor: Skin              |    34 |    79 |    64 |   102 |    38 ||   317
Dodge: Dodged            |    67 |   191 |   310 |   596 |   300 ||  1464
       Repelled          |       |     2 |     4 |     6 |     3 ||    15
Block: Buckler           |       |       |       |    56 |    48 ||   104

Table legend: (Time is in decaauts)
 A = Elapsed time spent in this place.
 B = Non-inter-level travel time spent in this place.
 C = Inter-level travel time spent in this place.
 D = Time resting spent in this place.
 E = Time spent auto-exploring this place.
 F = Levels seen in this place.
 G = Mean time per level.
                   A        B        C        D        E       F      G
               +--------+--------+--------+--------+--------+-----+--------+
         Total |  26986 |  26022 |    964 |   8922 |  13411 |  22 | 1226.6 |
       Dungeon |  15221 |  14632 |    589 |   3868 |   8313 |  13 | 1170.8 |
          Lair |   9587 |   9246 |    341 |   4376 |   4034 |   6 | 1597.8 |
  Orcish Mines |   1386 |   1353 |     33 |    283 |    876 |   2 |  693.0 |
       Ossuary |    791 |    791 |      0 |    395 |    187 |   1 |  791.0 |
               +--------+--------+--------+--------+--------+-----+--------+

Top non-repeatable levels by time:
  Lair:5: 2865 daAuts
  Lair:1: 2747 daAuts
    D:11: 2058 daAuts
     D:8: 1802 daAuts
     D:7: 1514 daAuts
    D:12: 1513 daAuts
  Lair:4: 1503 daAuts
     D:6: 1420 daAuts
     D:3: 1397 daAuts
  Lair:3: 1368 daAuts
     D:5: 1345 daAuts
   Orc:1: 973 daAuts
     D:9: 956 daAuts
     D:1: 885 daAuts
  Lair:2: 883 daAuts
